 Dungeon Crawl Stone Soup version 0.28-a0-461-g2dc4ca5097 (webtiles) character file.

Game seed: 16419517058470933276

233 mg7810 the Skirmisher (level 5, -3/46 HPs)
             Began as a Minotaur Delver on Sept 13, 2021.
             Was a Believer of Cheibriados.
             Splashed by a jelly's acid (9 damage)
             ... on level 3 of the Dungeon.
             The game lasted 00:08:38 (3789 turns).

mg7810 the Skirmisher (Minotaur Delver)             Turns: 3789, Time: 00:08:40

Health: -3/46      AC: -3    Str: 21    XL:     5   Next: 74%
Magic:  1/4        EV:  8    Int: 11    God:    Cheibriados [**....]
Gold:   218        SH:  0    Dex: 16    Spells: 4/4 levels left

rFire   . . .      SeeInvis .   a - +0 hand axe
rCold   . . .      Faith    .   (no shield)
rNeg    . . .      Spirit   .   o - +1 chain mail
rPois   .          Reflect  .   (helmet restricted)
rElec   .          Harm     .   (no cloak)
rCorr   .          Rampage  .   (no gloves)
Will    .....                   s - +2 pair of boots
Stlth   ..........              (no amulet)
HPRegen 0.15/turn               (no ring)
MPRegen 0.09/turn               (no ring)

@: corroded, very slow
A: horns 2, retaliatory headbutt
a: Renounce Religion, Bend Time


You were on level 3 of the Dungeon.
You worshipped Cheibriados.
Cheibriados was pleased with you.
You visited 1 branch of the dungeon, and saw 5 of its levels.

You collected 218 gold pieces.

Inventory:

Hand Weapons
 a - a +0 hand axe (weapon)
Missiles
 k - 13 poisoned darts (quivered)
Armour
 o - a +1 chain mail (worn)
 s - a +2 pair of boots (worn)
Wands
 b - a wand of acid (11)
 g - a wand of digging (3)
Scrolls
 c - a scroll of fog
 d - a scroll of magic mapping
 e - a scroll of fear
 j - a scroll of vulnerability {unknown}
 n - 2 scrolls of enchant armour
 r - 2 scrolls of enchant weapon {unknown}
Potions
 f - 5 potions of curing {unknown}
 h - a potion of might {unknown}
 i - a potion of brilliance {unknown}
 l - 2 potions of lignification {unknown}
 m - a potion of degeneration {unknown}
 p - a potion of cancellation {unknown}
 q - a potion of flight {unknown}


   Skills:
 + Level 4.3 Fighting
 + Level 4.0 Axes
 * Level 1.0 Throwing
 + Level 1.9 Armour
 + Level 2.5 Dodging
 - Level 4.1 Stealth
 * Level 2.6 Unarmed Combat
 * Level 0.5 Invocations
 * Level 2.0 Evocations


You had 4 spell levels left.
You didn't know any spells.
Your spell library contained the following spells:

 Spells                   Type           Power      Damage    Failure   Level
 Shock                    Conj/Air       0%         1d3       98%         1
 Swiftness                Air            0%         N/A       100%        3
 Airstrike                Air            0%         N/A       100%        4


Dungeon Overview and Level Annotations

Branches:
Dungeon (5/15)
 Temple: D:4-7

Altars:
Cheibriados


Innate Abilities, Weirdness & Mutations

You have a pair of horns on your head.
You reflexively headbutt those who attack you in melee.


Message History

Okay, then.
Okay, then.
As you read the scroll labelled UXTURU UMIRGH, it crumbles to dust.
It is a scroll of enchant armour.
Your +0 chain mail glows green for a moment.
You hit the jelly.
Your hands burn!
The jelly is moderately wounded.
The jelly barely misses you. The jelly hits you. The acid corrodes you!
You are splashed with acid!
You hit the jelly. The acid corrodes you!
Your hands burn!
The jelly is heavily wounded.
The jelly closely misses you.
You hit the jelly but do no damage. The acid corrodes you!
Your hands burn!
You headbutt the jelly!
You kill the jelly!
Cheibriados appreciates the change of pace.
Your Axes skill increases to level 4!
Your Throwing skill increases to level 1!
The flow of time bends around you.
Cheibriados rebukes the jelly.
The jelly seems to slow down.
You hit the jelly but do no damage.
Your hands burn!
You headbutt the jelly.
The jelly is lightly wounded.
The jelly closely misses you.
You hit the jelly but do no damage.
Your hands burn!
You headbutt the jelly.
The jelly is lightly wounded.
The jelly hits you. The acid corrodes you!
You are splashed with acid!
* * * LOW HITPOINT WARNING * * *
You hit the jelly but do no damage.
Your hands burn!
* * * LOW HITPOINT WARNING * * *
You headbutt the jelly, but do no damage.
The jelly is lightly wounded.
You hit the jelly but do no damage.
Your hands burn!
* * * LOW HITPOINT WARNING * * *
You headbutt the jelly, but do no damage.
The jelly is lightly wounded.
The jelly hits you.
* * * LOW HITPOINT WARNING * * *
You are splashed with acid!
You die...

##.#####.#.## ###########.###.##
#.# #.#..# [P÷P...P.##....... #.#
#....# .........##....### #.#
###### .....J...##.##### #.#
.PJ..PJ..##.....# #.#
.P..JJ.J÷##.###.# #.#
.P÷PJ.J÷.###.##.## #.# #######'#
#....... #.# ##@JJJ..## ###.#.#.
##.## #.######## #...#. #...#
##..'....# #..... ##.#.###
####....#####....# ...#...##
#.......##........ .#####..#
#.......##........
...#....########.......##........
...#...>......##.......####.....#
##...#...########.....## ##.....


You could see a jelly (slow) and 2 endoplasms.

Vanquished Creatures
  An orc priest (D:3)
  A jelly (D:3)
  3 gnolls (D:2)
  5 adders
  An adder skeleton (D:4)
  3 worms
  3 orcs
  10 ball pythons
  7 endoplasms
  2 giant cockroaches
  8 goblins
  5 hobgoblins
  4 jackals (D:3)
  4 quokkas
  5 bats
  2 frilled lizards (D:3)
  12 kobolds
  3 rats
79 creatures vanquished.

Vanquished Creatures (others)
  2 fungi (D:3)
  2 plants (D:3)
  9 toadstools (D:3)
13 creatures vanquished.

Grand Total: 92 creatures vanquished

Notes
Turn   | Place    | Note
-------+----------+-------------------------------------------
     0 | D:5      | mg7810 the Minotaur Delver began the quest for the Orb.
     0 | D:5      | Reached XP level 1. HP: 19/19 MP: 0/0
    92 | D:5      | Noticed a scorpion
   170 | D:4      | Reached skill level 1 in Unarmed Combat
   170 | D:4      | Reached XP level 2. HP: 24/27 MP: 1/1
   203 | D:4      | Noticed a scorpion
   599 | D:3      | Reached XP level 3. HP: 33/33 MP: 2/2
   648 | D:2      | Reached skill level 1 in Evocations
   654 | D:2      | Reached skill level 1 in Armour
   654 | D:2      | Reached XP level 4. HP: 6/40 MP: 3/3
  2803 | D:2      | Found a faded altar of an unknown god.
  2814 | D:2      | Became a worshipper of Cheibriados the Contemplative
  2814 | D:2      | Reached * piety under Cheibriados
  2921 | D:2      | Reached XP level 5. HP: 46/46 MP: 4/4
  3380 | D:3      | Reached ** piety under Cheibriados
  3784 | D:3      | Reached skill level 1 in Throwing
  3789 | D:3      | Splashed by a jelly's acid

Illustrated notes

Levels and vault maps discovered:
D:1:      dpeg_arrival_triangle_fractal, layout_loops_corners
D:2:      layout_rooms, shapermc_ecumenical_altar_notcrosses
D:3:      cheibrodos_fertilizer, layout_loops_ring, minmay_shallow_snake_nest
D:4:      layout_loops_ring, minmay_temple_entry_offerings, cheibrodos_gnoll_hut
D:5:      layout_loops_ring, uniq_blork_the_orc

Skill      XL: |  1  2  3  4  5 |
---------------+----------------+-----
Unarmed Combat | 1 2 |  2.6
Fighting       | 4 |  4.3
Evocations     | 1 2 |  2.0
Axes           | 3 4 |  4.0
Armour         | 1 |  1.9
Throwing       | 1 |  1.0
Dodging        | |  2.5
Stealth        | |  4.1
Invocations    | |  0.5

Action                   |  1- 3 |  4- 6 || total
-------------------------+-------+-------++-------
Melee: Hand axe          |    44 |   144 ||   188
       Headbutt          |     6 |    27 ||    33
       Punch             |       |     1 ||     1
Invok: Bend Time         |       |     1 ||     1
Evoke: Wand              |     2 |       ||     2
  Use: Potion            |     1 |       ||     1
       Scroll            |       |     1 ||     1
 Stab: Sleeping          |       |     3 ||     3
Armor: Ring mail         |    13 |    23 ||    36
       Chain mail        |       |    44 ||    44
Dodge: Dodged            |    26 |    75 ||   101

Table legend: (Time is in decaauts)
 A = Elapsed time spent in this place.
 B = Non-inter-level travel time spent in this place.
 C = Inter-level travel time spent in this place.
 D = Time resting spent in this place.
 E = Time spent auto-exploring this place.
 F = Levels seen in this place.
 G = Mean time per level.
                   A        B        C        D        E       F      G
               +--------+--------+--------+--------+--------+-----+--------+
         Total |   4071 |   3977 |     94 |    242 |   2921 |   5 |  814.2 |
       Dungeon |   4071 |   3977 |     94 |    242 |   2921 |   5 |  814.2 |
               +--------+--------+--------+--------+--------+-----+--------+

Top non-repeatable levels by time:
     D:3: 1681 daAuts
     D:1: 1295 daAuts
     D:2: 887 daAuts
     D:5: 135 daAuts
     D:4: 73 daAuts
